 Dungeon Crawl Stone Soup version 0.28.0-53-g5a82cb258f (webtiles) character file.

Game seed: 12549989026292573289

4932 cbfl8 the Fighter (level 10, 0/93 HPs)
             Began as a Minotaur Berserker on Aug 22, 2022.
             Was a Priest of Trog.
             Succumbed to a kobold brigand's curare-tipped dart
             ... on level 9 of the Dungeon.
             The game lasted 00:09:55 (8800 turns).

cbfl8 the Fighter (Minotaur Berserker)              Turns: 8800, Time: 00:09:55

Health: 0/93       AC: 12    Str: 22    XL:     10   Next: 27%
Magic:  9/9        EV: 11    Int:  4    God:    Trog [***...]
Gold:   49         SH:  0    Dex: 14    Spells: 9/9 levels left

rFire   . . .      SeeInvis .   b - +1 battleaxe (elec)
rCold   . . .      Faith    .   (shield currently unavailable)
rNeg    . . .      Spirit   .   A - +0 chain mail
rPois   .          Reflect  .   (helmet restricted)
rElec   .          Harm     .   k - +0 cloak
rCorr   .          Rampage  .   (no gloves)
Will    .....                   (no boots)
Stlth   ..........              (no amulet)
HPRegen 0.25/turn               C - +4 ring of slaying
MPRegen 0.11/turn               g - ring of flight

@: lethally poisoned (0 -> -32), on berserk cooldown, flying, slowed, studying
Armour, very slow
A: horns 2, retaliatory headbutt
a: Renounce Religion, Berserk, Trog's Hand


You were on level 9 of the Dungeon.
You worshipped Trog.
Trog was most pleased with you.
You visited 1 branch of the dungeon, and saw 9 of its levels.

You collected 468 gold pieces.
You spent 419 gold pieces at shops.

Inventory:

Hand Weapons
 b - a +1 battleaxe of electrocution (weapon)
Armour
 k - a +0 cloak (worn)
 t - a +0 troll leather armour
 A - a +0 chain mail (worn)
Jewellery
 a - an amulet of regeneration
 d - a ring of see invisible
 g - a ring of flight (right hand)
 j - a ring of protection from cold
 B - a ring of positive energy
 C - a +4 ring of slaying (left hand)
Wands
 e - a wand of polymorph (7)
 y - a wand of iceblast (7) (quivered)
Scrolls
 c - 2 scrolls of magic mapping
 f - a scroll of noise
 l - a scroll of enchant weapon {unknown}
 n - 3 scrolls of fear
 o - 5 scrolls of teleportation
 r - 2 scrolls of immolation {unknown}
 s - 2 scrolls of enchant armour
Potions
 h - a potion of mutation {unknown}
 i - 2 potions of curing
 m - a potion of might
 q - a potion of ambrosia {unknown}
 u - 3 potions of lignification {unknown}
 v - 2 potions of flight {unknown}
 w - a potion of degeneration {unknown}
 x - a potion of cancellation {unknown}
 z - a potion of invisibility {unknown}


   Skills:
 * Level 10.1 Fighting
 + Level 9.8 Axes
 + Level 8.8 Armour
 * Level 6.7 Dodging
 + Level 0.8 Stealth
 + Level 1.5 Shields
 * Level 4.9 Evocations


You had 9 spell levels left.
You didn't know any spells.
Your spell library was empty.

Dungeon Overview and Level Annotations

Branches:
Dungeon (9/15)             Temple (0/1) D:6
   Lair: D:8-11         Orc: D:9-12

Altars:
Cheibriados
Dithmenos
Hepliaklqana
Makhleb
Nemelex Xobeh
Qazlal
Ru
Sif Muna
Xom
The Shining One

Shops:
D:7 ?(!?   D:8 ?*   D:9 *::


Innate Abilities, Weirdness & Mutations

You have a pair of horns on your head.
You reflexively headbutt those who attack you in melee.


Message History

The curare-tipped dart hits you.
You are more poisoned.
You have difficulty breathing.
You feel as though you will be slow longer.
You feel better.
The kobold throws a stone.
The stone hits you but does no damage.
You feel better.
Your skin stops crawling.
You feel less strong-willed.
The kobold throws a poisoned dart.
The poisoned dart completely misses you.
The kobold throws a stone.
The stone hits you but does no damage.
The kobold brigand throws a curare-tipped dart.
The curare-tipped dart hits you.
You are poisoned.
You have difficulty breathing.
You feel as though you will be slow longer.
The kobold throws a poisoned dart.
The poisoned dart hits you!
You are more poisoned.
You feel very sick.
The kobold throws a stone.
The stone hits you but does no damage.
The kobold throws a stone.
The stone hits you but does no damage.
You feel very sick.
The kobold throws a stone.
The stone hits you.
The kobold brigand throws a curare-tipped dart.
The curare-tipped dart barely misses you.
The kobold throws a stone.
The stone closely misses you.
The kobold throws a poisoned dart.
The poisoned dart hits you!
You are more poisoned.
You feel extremely sick.
The kobold throws a stone.
The stone closely misses you.
The kobold throws a poisoned dart.
The poisoned dart misses you.
The kobold throws a stone.
The stone closely misses you.
You feel very sick.
The kobold brigand throws a curare-tipped dart.
The curare-tipped dart hits you.
You are lethally poisoned!
You have difficulty breathing.
* * * LOW HITPOINT WARNING * * *
You feel as though you will be slow longer.
You die...

≈≈≈≈≈≈≈≈≈≈≈KY#### ≈
≈≈≈≈≈≈≈≈≈≈≈≈≈≈## ≈
#≈≈≈≈≈≈≈≈≈≈≈## .
#≈≈≈≈≈≈≈≈≈≈≈≈# ≈
#≈≈≈≈≈≈≈≈≈≈≈≈#
≈#####≈≈≈≈≈≈≈≈≈≈≈≈#
≈≈≈≈≈≈≈≈≈≈≈≈≈≈≈≈≈≈#
.T.†[.......T#≈≈≈≈#
.......).....##≈@≈#
.............##≈≈≈#
.............######
########.#..... #
#........ #
###....... #
....... #


There were no monsters in sight!

Vanquished Creatures
  A deep troll (D:9)
  A cyclops (D:9)
  A gargoyle (D:8)
  2 trolls (D:9)
  A hornet (D:7)
  2 wyverns
  Eustachio (D:4)
  2 yaks (D:9)
  An orc warrior (D:9)
  A necrophage (D:6)
  4 ice beasts
  An ogre (D:5)
  3 centaurs
  A phantom (D:5)
  3 bullfrogs
  A water moccasin zombie (D:6)
  A wyvern skeleton (D:7)
  5 wights
  2 howler monkeys (D:9)
  An electric eel (D:8)
  2 centaur zombies
  A hound (D:5)
  Crazy Yiuf (D:2)
  4 orc priests
  A gnoll shaman (D:6)
  3 jellies
  A scorpion zombie (D:5)
  An iguana (D:7)
  4 orc wizards
  Natasha (thrice) (D:2)
  A killer bee zombie (D:5)
  11 gnolls
  4 adders
  A shadow imp (D:6)
  An ufetubus (D:5)
  2 adder skeletons (D:4)
  3 worms
  2 dart slugs
  25 orcs
  5 ball pythons
  3 bats
  4 endoplasms
  3 giant cockroaches
  6 goblins
  3 hobgoblins (D:4)
  4 quokkas
  A frilled lizard (D:3)
  6 kobolds
  3 rats
144 creatures vanquished.

Vanquished Creatures (others)
  5 fungi (D:2)
5 creatures vanquished.

Grand Total: 149 creatures vanquished

Notes
Turn   | Place    | Note
-------+----------+-------------------------------------------
     0 | D:1      | cbfl8 the Minotaur Berserker began the quest for the Orb.
     0 | D:1      | Reached XP level 1. HP: 19/19 MP: 0/0
   321 | D:1      | Reached XP level 2. HP: 27/27 MP: 1/1
   752 | D:2      | Noticed Natasha
   760 | D:2      | Killed Natasha
   761 | D:2      | Reached skill level 4 in Fighting
   761 | D:2      | Reached XP level 3. HP: 24/33 MP: 2/2
  1027 | D:2      | Found a sparkling altar of Nemelex Xobeh.
  1046 | D:2      | Identified the +2 spear of Precise Incision {freeze, Dex+2}
  1157 | D:2      | Noticed Natasha
  1163 | D:2      | Reached XP level 4. HP: 41/41 MP: 3/3
  1165 | D:2      | Reached skill level 5 in Fighting
  1168 | D:2      | Killed Natasha
  1594 | D:2      | Noticed Natasha
  1602 | D:2      | Killed Natasha
  1603 | D:2      | Reached XP level 5. HP: 26/48 MP: 4/4
  1805 | D:2      | Found a runed translucent door.
  1806 | D:2      | Noticed Crazy Yiuf
  1815 | D:2      | Killed Crazy Yiuf
  2084 | D:3      | Reached skill level 5 in Axes
  2084 | D:3      | Reached skill level 1 in Evocations
  2263 | D:3      | Found a faded altar of an unknown god.
  2611 | D:3      | Found a hazy altar of Hepliaklqana.
  2612 | D:3      | Found a shimmering altar of Xom.
  2613 | D:3      | Noticed a spectral ugly thing
  2613 | D:3      | Noticed a yak
  2747 | D:4      | Reached skill level 6 in Fighting
  2757 | D:4      | Found a stormy altar of Qazlal.
  2913 | D:4      | Reached ** piety under Trog
  2964 | D:4      | Reached XP level 6. HP: 52/57 MP: 5/5
  3001 | D:4      | Noticed Eustachio
  3403 | D:4      | Killed Eustachio
  3592 | D:5      | Entered Level 5 of the Dungeon
  3692 | D:5      | Reached XP level 7. HP: 64/64 MP: 6/6
  3908 | D:5      | Found a glowing golden altar of the Shining One.
  4078 | D:5      | Reached skill level 7 in Fighting
  4319 | D:5      | Reached XP level 8. HP: 70/73 MP: 7/7
  4443 | D:5      | Found a burning altar of Makhleb.
  4444 | D:5      | Found a shimmering blue altar of Sif Muna.
  4679 | D:6      | Found a staircase to the Ecumenical Temple.
  4684 | D:6      | Reached skill level 5 in Armour
  4833 | D:6      | Found a snail-covered altar of Cheibriados.
  5077 | D:6      | Reached *** piety under Trog
  5495 | D:6      | Found a shadowy altar of Dithmenos.
  6168 | D:7      | Found Buacluos's Distillery.
  6172 | D:7      | Noticed a hornet
  6181 | D:7      | Killed a hornet
  6182 | D:7      | Reached skill level 8 in Fighting
  6182 | D:7      | Reached skill level 5 in Dodging
  6284 | D:7      | Bought a potion of curing for 36 gold pieces
  6284 | D:7      | Bought a potion of heal wounds for 60 gold pieces
  6446 | D:7      | Reached XP level 9. HP: 31/81 MP: 8/8
  6721 | D:7      | You are sucked into a shaft and drop 2 floors!
  6721 | D:9      | Found Raneitis's Book Shop.
  6738 | D:9      | Reached skill level 1 in Shields
  7343 | D:7      | Found Qofufit's Magic Scroll Emporium.
  7361 | D:7      | Bought 2 scrolls of identify for 52 gold pieces
  7366 | D:7      | Identified 2 scrolls of acquirement
  7369 | D:7      | Acquired a +1 battleaxe of electrocution
  7379 | D:7      | Acquired a manual of Armour
  7500 | D:7      | Found Zynonn's Magic Scroll Boutique.
  7510 | D:7      | Reached skill level 9 in Fighting
  7622 | D:7      | Bought a scroll of identify for 26 gold pieces
  7703 | D:7      | Found Zigepp's Antique Weapon Boutique.
  7788 | D:8      | Noticed a gargoyle
  7795 | D:8      | Killed a gargoyle
  7978 | D:8      | Found Enaciro's General Store.
  7982 | D:8      | Found Koomediwk's Magic Scroll Shop.
  8169 | D:8      | Found a sacrificial altar of Ru.
  8607 | D:9      | Noticed a cyclops
  8615 | D:9      | Found Fidar's Book Shop.
  8624 | D:9      | Killed a cyclops
  8625 | D:9      | Reached XP level 10. HP: 92/92 MP: 9/9
  8714 | D:9      | Found Qeunk's Assorted Antiques.
  8724 | D:9      | Bought a scroll of teleportation for 105 gold pieces
  8724 | D:9      | Bought a potion of might for 140 gold pieces
  8762 | D:9      | Noticed a deep troll
  8772 | D:9      | Killed a deep troll
  8773 | D:9      | Reached skill level 10 in Fighting
  8800 | D:9      | Succumbed to a kobold brigand's curare-tipped dart

Illustrated notes

Levels and vault maps discovered:
D:1:      dpeg_arrival_simpleton_c, layout_loops_ring
D:2:      layout_basic, basic_altar, lemuel_old_faithful,
          uniq_crazy_yiuf_cottage, uniq_natasha
D:3:      layout_rooms, regret_index_temple_of_mockery,
          chequers_ecumenical_altar_twisty, kennysheep_donut
D:4:      layout_rooms, mainiacjoe_overflow_paths, kennysheep_path_1,
          uniq_eustachio
D:5:      layout_cave_pools, mainiacjoe_overflow_small_starburst,
          gammafunk_temple_overflow_statue
D:6:      layout_loops_ring, slow_altar_1,
          nicolae_dithmenos_through_a_glass_darkly, minmay_temple_entry_wispy
D:7:      layout_basic, serial_shops, kennysheep_mini, shop,
          nicolae_stop_n_shop_1, nicolae_stop_n_shop_1, eino_curves_02
D:8:      layout_loops_ring, mainiacjoe_overflow_surrounded_room,
          nicolae_wooded_promenade
D:9:      lemuel_troll_bridge, layout_rooms, erik_lair_dragon, serial_shops,
          kennysheep_mini_moat, shop, nicolae_inconvenience_store, shop,
          st_stairs_9

Skill      XL: |  1  2  3  4  5  6  7  8  9 10 |
---------------+-------------------------------+-----
Axes           | 4 5 6 8 9 |  9.8
Fighting       | 4 5 6 7 8 9 10 | 10.1
Evocations     | 1 2 3 4 |  4.9
Armour         | 3 4 6 8 |  8.8
Dodging        | 3 4 5 6 |  6.7
Shields        | 1 |  1.5
Stealth        | |  0.8

Action                   |  1- 3 |  4- 6 |  7- 9 | 10-12 || total
-------------------------+-------+-------+-------+-------++-------
Melee: Hand axe          |    38 |   134 |   214 |       ||   386
       Headbutt          |     5 |    24 |    54 |     3 ||    86
       Battleaxe         |       |       |    28 |    13 ||    41
Invok: Berserk           |     1 |     3 |     8 |     1 ||    13
       Trog's Hand       |       |       |       |     1 ||     1
Evoke: Wand              |       |       |     1 |       ||     1
  Use: Scroll            |       |     2 |     9 |     1 ||    12
       Potion            |       |     1 |     7 |     5 ||    13
Armor: Leather armour    |     4 |     3 |       |       ||     7
       Animal skin       |     1 |       |       |       ||     1
       Ring mail         |       |    25 |       |       ||    25
       Scale mail        |       |    35 |    50 |       ||    85
       Chain mail        |       |       |    46 |    26 ||    72
Dodge: Dodged            |    28 |    76 |   127 |    38 ||   269
Block: Buckler           |       |     1 |    32 |       ||    33
